Map: Dusty Gorge

Players

LOADBLASTER - Winner!

  • Race: Terran Terran
  • League: Grandmaster
  • Spawn Location: 9:00

PureLegacy - Winner!

  • Race: Terran Terran
  • Spawn Location: 11:00

Koelsch

  • Race: Terran Terran
  • Spawn Location: 5:00

Arthur

  • Race: Zerg Zerg
  • Spawn Location: 3:00

VOD

Have the link to the VOD?

Description

Time

  • Played on: Nov. 30, 2018, 4:08 p.m.
  • Length: 5:49
Show
View Real Time Build Order
Export as new Build Order

LOADBLASTER Terran - Winner!

Build Orders: 1/1/1, Liberator Opening 

Get SALT Encoding   

  12  0:00  SCV  
  13  0:13  SCV  
  14  0:18  Supply Depot  
  14  0:25  SCV  
  15  0:31  Refinery  
  15  0:40  SCV  
  16  0:47  Barracks  
  16  0:52  SCV  
  17  1:04  SCV  
  18  1:16  SCV  
  19  1:35  Marine  
  19  1:36  Orbital Command  
  19  1:38  Factory  
  20  1:48  Supply Depot  
  20  1:54  Marine  
  21  2:04  SCV  
  22  2:09  Bunker  
  22  2:13  Marine  
  23  2:16  SCV  
  24  2:23  Factory Tech Lab, Starport  
  24  2:28  SCV  
  25  2:31  Marine  
  26  2:45  Command Center  
  25  2:53  SCV  
  25  2:57  Supply Depot  
  26  3:09  Banshee  
  29  3:12  Barracks Reactor  
  29  3:14  SCV  
  29  3:18  Hellion  
  33  3:31  Command Center  
  32  3:35  SCV  
  32  3:48  SCV  
  33  3:51  Refinery, Liberator  
  32  3:58  Hellion x2  
  32  4:00  SCV, Orbital Command  
  38  4:12  SCV  
  44  4:24  Hellion x2, SCV  
  44  4:28  SCV  
  45  4:36  SCV  
  46  4:40  SCV  
  52  4:45  Hellion  
  52  4:46  Hellion  
  52  4:50  SCV  
  52  4:53  Banshee  
  57  5:04  Orbital Command  
  57  5:05  SCV  
  56  5:07  Hellion  
  56  5:11  Refinery, SCV  
  56  5:12  Refinery  
  56  5:13  Barracks Tech Lab  
  56  5:17  SCV  
  57  5:23  SCV  
  58  5:29  SCV  
  54  5:40  Factory  
  54  5:41  Factory  
Show
View Real Time Build Order
Export as new Build Order

PureLegacy Terran - Winner!

Build Orders:  

Get SALT Encoding   

  12  0:03  SCV  
  13  0:15  SCV  
  13  0:21  Supply Depot  
  14  0:27  SCV  
  15  0:31  Refinery  
  15  0:42  SCV  
  16  0:50  Barracks  
  16  0:54  SCV  
  17  1:05  Barracks  
  17  1:19  Barracks  
  17  1:23  SCV  
  18  1:37  Reaper  
  19  1:42  Orbital Command  
  19  1:50  Refinery  
  19  1:53  Reaper  
  20  2:06  Supply Depot, Reaper  
  21  2:10  Reaper  
  22  2:16  SCV  
  23  2:28  Reaper, SCV  
  25  2:32  Supply Depot  
  25  2:40  SCV  
  25  2:42  Reaper  
  27  2:45  Reaper  
  28  3:00  Reaper  
  28  3:08  SCV  
  29  3:14  Reaper, Command Center  
  29  3:17  Reaper  
  31  3:22  SCV  
  33  3:37  SCV  
  34  3:55  Barracks Tech Lab  
  34  3:56  Barracks Reactor  
  34  3:57  SCV  
  34  4:00  Factory  
  34  4:01  Barracks Reactor  
  34  4:06  Command Center  
  34  4:11  SCV  
  35  4:20  Marine  
  36  4:24  SCV  
  37  4:37  Marine  
  37  4:38  Marine x3  
  39  4:50  Marine  
  39  4:51  Starport  
  39  4:52  Factory Reactor  
  38  4:56  Marine x4  
  38  5:04  SCV  
  39  5:12  Orbital Command  
  39  5:32  SCV  
Show
View Real Time Build Order
Export as new Build Order

Koelsch Terran 

Build Orders: Liberator Opening 

Get SALT Encoding   

  12  0:00  SCV  
  13  0:13  SCV  
  14  0:18  Supply Depot  
  14  0:25  SCV  
  15  0:30  Refinery  
  15  0:40  SCV  
  16  0:46  Barracks  
  16  0:52  SCV  
  17  1:04  SCV  
  18  1:16  SCV  
  19  1:28  SCV  
  20  1:32  Reaper  
  21  1:40  Orbital Command  
  21  1:51  Factory  
  21  1:58  Refinery  
  21  2:03  Supply Depot  
  21  2:08  SCV  
  22  2:09  Reaper  
  23  2:24  Command Center  
  23  2:25  SCV  
  24  2:35  Hellion  
  26  2:46  Starport  
  26  2:47  Reaper  
  26  2:51  SCV  
  28  2:54  Supply Depot  
  28  3:05  Hellion  
  30  3:09  Liberator  
  30  3:10  SCV  
  31  3:21  Barracks Reactor  
  34  3:29  SCV  
  35  3:39  Hellion  
  35  3:41  Orbital Command  
  37  4:00  SCV  
  37  4:04  Marine x2  
  37  4:06  Barracks x2  
  37  4:07  Engineering Bay  
  39  4:12  SCV  
  39  4:15  SCV  
  41  4:19  Factory Tech Lab, Viking  
  41  4:24  SCV  
  41  4:27  SCV  
  39  4:37  Cyclone, Marine x2  
  29  4:50  SCV x2  
  30  4:55  Marine x2  
  32  5:02  SCV x2  
  34  5:10  Siege Tank  
  34  5:13  Marine  
  39  5:14  SCV x2  
  37  5:26  SCV x2  
  39  5:29  Supply Depot  
  39  5:31  Missile Turret x2  
Show
View Real Time Build Order
Export as new Build Order

Arthur Zerg 

Build Orders: Hatch First 

Get SALT Encoding   

  12  0:00  Drone  
  13  0:08  Drone  
  14  0:17  Overlord  
  14  0:25  Extractor  
  14  0:26  Drone  
  15  0:36  Drone x2  
  17  0:56  Hatchery  
  16  0:58  Drone  
  16  1:01  Drone  
  18  1:08  Extractor  
  17  1:13  Extractor  
  16  1:19  Spawning Pool  
  16  1:21  Drone  
  16  1:25  Drone  
  18  1:31  Drone  
  19  1:39  Overlord  
  19  1:49  Drone  
  20  2:07  Queen  
  20  2:08  Queen, Zergling x2  
  24  2:09  Zergling x2  
  24  2:15  Metabolic Boost  
  26  2:18  Drone  
  27  2:28  Drone x2  
  29  2:35  Drone  
  29  2:36  Drone  
  31  2:49  Drone  
  32  2:53  Spine Crawler  
  32  2:57  Drone, Roach Warren  
  30  2:59  Queen  
  33  3:14  Extractor  
  33  3:16  Drone x2  
  33  3:17  Drone  
  35  3:28  Overlord x2  
  35  3:31  Hatchery  
  34  3:45  Roach  
  34  3:46  Roach x3  
  41  3:54  Roach x2  
  45  3:58  Drone x2  
  45  3:59  Drone  
  48  4:04  Spore Crawler  
  48  4:06  Spore Crawler  
  46  4:12  Ravager x2  
  48  4:23  Ravager  
  49  4:25  Drone x3  
  52  4:31  Overlord  
  52  4:32  Overlord  
  46  4:53  Queen  
  46  4:55  Roach  
  46  4:56  Roach x2  
  54  5:08  Drone x2  
  54  5:09  Drone x2  
  55  5:28  Drone  
  51  5:29  Drone x8  
Tags
 
Add a new tag
Caveats
  • Supply blocks, unpowered buildings, or Contaminate may cause inaccurate times.
  • Supply counts are checked every 10 seconds.